 Dungeon Crawl Stone Soup version 0.32-a0-886-g41c5271027 (webtiles) character file.

Game seed: 16516181732669911616

42 601d51SH the Ruffian (level 3, -6/28 HPs)
             Began as a Gnoll Shapeshifter on Apr 3, 2024.
             Mangled by a gnoll
             ... wielding a +0 club
              (7 damage)
             ... on level 2 of the Dungeon.
             The game lasted 00:02:20 (1118 turns).

601d51SH the Ruffian (Gnoll Shapeshifter)           Turns: 1118, Time: 00:02:22

Health: -6/28      AC:  3    Str: 15    XL:     3   Next: 56%
Magic:  4/4        EV: 11    Int:  9    God:
Gold:   60         SH:  0    Dex: 11    Spells: 3/3 levels left

rFire   . . .        n - +0 hand axe
rCold   . . .        (no shield)
rNeg    . . .        i - +0 leather armour
rPois   .            (helmet currently unavailable)
rElec   .            (cloak currently unavailable)
rCorr   .            (gloves currently unavailable)
SInv    .            (boots currently unavailable)
Will    .....        (no amulet)
Stlth   +            (no ring)
HPRegen 0.24/turn    (no ring)
MPRegen 0.09/turn

%: no passive effects
@: lethally poisoned (-6 -> -11), beast-form
A: beast (slay +3), fangs 1, strong nose, distributed training
a: Begin Untransformation


You were on level 2 of the Dungeon.
You were a hulking beast.
You visited 1 branch of the dungeon, and saw 2 of its levels.

You collected 60 gold pieces.

Inventory:

Hand Weapons
 e - a +0 dagger
 n - a +0 hand axe (weapon)
Missiles
 m - 5 poisoned darts (quivered)
Armour
 a - a +0 animal skin
 i - a +0 leather armour (worn)
Talismans
 c - a beast talisman (active)
 d - a flux talisman
 j - a maw talisman
Scrolls
 g - 2 scrolls of teleportation {unknown}
 h - a scroll of blinking {unknown}
 l - a scroll of enchant armour {unknown}
Potions
 b - a potion of lignification
 f - a potion of heal wounds {unknown}
 k - a potion of mutation {unknown}


   Skills:
 + Level 2.6 Fighting
 + Level 0.9 Short Blades
 + Level 0.9 Long Blades
 + Level 0.9 Axes
 + Level 0.9 Maces & Flails
 + Level 0.9 Polearms
 + Level 0.9 Staves
 + Level 0.9 Ranged Weapons
 + Level 0.9 Throwing
 + Level 0.9 Armour
 + Level 4.5 Dodging
 + Level 0.9 Stealth
 + Level 0.9 Shields
 + Level 6.5 Unarmed Combat
 + Level 0.9 Spellcasting
 + Level 0.6 Conjurations
 + Level 0.6 Hexes
 + Level 0.6 Summonings
 + Level 0.6 Necromancy
 + Level 0.6 Translocations
 + Level 0.6 Fire Magic
 + Level 0.6 Ice Magic
 + Level 0.6 Air Magic
 + Level 0.6 Earth Magic
 + Level 0.6 Alchemy
 + Level 1.0 Invocations
 + Level 0.9 Evocations
 + Level 6.5 Shapeshifting


You had 3 spell levels left.
You didn't know any spells.
Your spell library contained the following spells:

 Spells                   Type           Power      Damage    Failure   Level
 Apportation              Tloc           2%         N/A       34%         1
 Jinxbite                 Hex            2%         N/A       47%         2
 Call Canine Familiar     Summ           1%         N/A       71%         3
 Sigil of Binding         Hex            1%         N/A       71%         3
 Dimensional Bullseye     Hex/Tloc       0%         N/A       98%         4
 Alistair's Intoxication  Alch           0%         N/A       100%        5


Dungeon Overview and Level Annotations

Branches:
Dungeon (2/15)

Altars:


Innate Abilities, Weirdness & Mutations

You are a hulking beast.
Your limbs bulge with bestial killing power. (Slay +3)
You have very sharp teeth.
Your uncanny sense of smell can sniff out nearby items.
Your experience applies equally to all skills.


Message History

You completely miss the adder.
You feel sick. The adder completely misses you.
The adder bites you but does no damage.
You closely miss the adder.
You feel sick.
You are no longer poisoned.
The adder closely misses you. The adder barely misses you.
You hit the adder.
The adder is heavily wounded.
The adder bites you.
You are poisoned.
The adder poisons you!
You barely miss the adder.
The adder is heavily wounded.
You feel sick. The adder closely misses you.
The adder bites you but does no damage.
You barely miss the adder.
The adder is heavily wounded.
You feel sick. The adder bites you.
You are more poisoned.
The adder poisons you! The adder barely misses you.
You completely miss the adder.
The adder is heavily wounded.
You feel sick. The adder misses you.
You closely miss the adder.
The adder is heavily wounded.
You feel sick. The adder bites you.
You are more poisoned.
The adder poisons you! The adder closely misses you.
You slash the adder!
You kill the adder!
You feel very sick. The gnoll closely misses you.
Your Invocations skill increases to level 1!
You closely miss the gnoll.
* * * LOW HITPOINT WARNING * * *
You feel very sick.
The gnoll hits you from afar with a +0 spear.
* * * LOW HITPOINT WARNING * * *
A gnoll comes into view. It is wielding a +0 flail.
The gnoll hits you with a +0 club!
You die...

#.# #.#### #.# #†...#
#.# #....# #†# #....#
#.# #....# ##.###
#....####### #....#
##.......... #....#
#.#.###### #....###
#.#h# #......# #.#g#
#......######.#g#
#......##......Kg.g..g.
##..........#.###.#...K
########.#>#.###.# .g
#>.........#
#.##.#.###.# #.##.# #


You could see 3 gnolls and a kobold.

Vanquished Creatures
  An adder (D:2)
  2 dart slugs (D:1)
  2 endoplasms (D:1)
  2 giant cockroaches (D:1)
  3 goblins (D:1)
  3 hobgoblins
  4 jackals (D:1)
  3 quokkas
  2 ball pythons (D:1)
  2 frilled lizards (D:1)
  A kobold (D:1)
  A rat (D:1)
26 creatures vanquished.

Notes
Turn   | Place    | Note
-------+----------+-------------------------------------------
     0 | D:1      | 601d51SH the Gnoll Shapeshifter began the quest for the
                  | Orb.
     0 | D:1      | Reached XP level 1. HP: 17/17 MP: 1/1
    68 | D:1      | Reached XP level 2. HP: 18/23 MP: 2/2
   569 | D:1      | Reached XP level 3. HP: 19/28 MP: 3/3
  1118 | D:2      | Reached skill level 1 in Invocations
  1118 | D:2      | HP: 1/28 [gnoll/+0 spear (6)]
  1118 | D:2      | Mangled by a gnoll

Illustrated notes

Levels and vault maps discovered:
D:1:      dpeg_arrival_central, layout_loops_ring
D:2:      layout_basic, serial_shops, shop, uniq_natasha

Skill      XL: |  1  2  3 |
---------------+----------+-----
Invocations    | 1 |  1.0
Fighting       | |  2.6
Short Blades   | |  0.9
Long Blades    | |  0.9
Axes           | |  0.9
Maces & Flails | |  0.9
Polearms       | |  0.9
Staves         | |  0.9
Ranged Weapons | |  0.9
Throwing       | |  0.9
Armour         | |  0.9
Dodging        | |  4.5
Stealth        | |  0.9
Shields        | |  0.9
Unarmed Combat | |  6.5
Spellcasting   | |  0.9
Conjurations   | |  0.6
Hexes          | |  0.6
Summonings     | |  0.6
Necromancy     | |  0.6
Translocations | |  0.6
Fire Magic     | |  0.6
Ice Magic      | |  0.6
Air Magic      | |  0.6
Earth Magic    | |  0.6
Alchemy        | |  0.6
Evocations     | |  0.9
Shapeshifting  | |  6.5

Action                     || total
---------------------------++-------
  Melee: Dagger            ||    73
         Unarmed           ||     3
         Bite              ||     5
         Hand axe          ||    11
 Armour: Animal skin       ||    44
         Leather armour    ||    10
  Dodge: Dodged            ||    51

Table legend: (Time is in decaauts)
 A = Elapsed time spent in this place.
 B = Non-inter-level travel time spent in this place.
 C = Inter-level travel time spent in this place.
 D = Time resting spent in this place.
 E = Time spent auto-exploring this place.
 F = Levels seen in this place.
 G = Mean time per level.
                   A        B        C        D        E       F      G
               +--------+--------+--------+--------+--------+-----+--------+
         Total |   1117 |   1061 |     56 |     29 |    777 |   2 |  558.5 |
       Dungeon |   1117 |   1061 |     56 |     29 |    777 |   2 |  558.5 |
               +--------+--------+--------+--------+--------+-----+--------+

Top non-repeatable levels by time:
     D:1: 973 daAuts
     D:2: 144 daAuts
